Map: World of Sleepers LE

Players

ProfessorZ - Winner!

  • Race: Protoss Protoss
  • League: Master
  • Spawn Location: 1:00

Mez

  • Race: Terran Terran
  • League: Master
  • Spawn Location: 7:00

VOD

Have the link to the VOD?

Description

Time

  • Played on: Sept. 2, 2019, 7:16 a.m.
  • Length: 10:41
Show
View Real Time Build Order
Export as new Build Order

ProfessorZ Protoss - Winner!

Build Orders:  

Get SALT Encoding   

  12  0:01  Probe  
  13  0:13  Probe  
  14  0:24  Pylon  
  14  0:25  Probe  
  15  0:39  Probe  
  15  0:42  Gateway  
  16  0:47  Probe  
  16  0:55  Assimilator  
  16  0:56  Probe  
  17  1:03  Pylon  
  18  1:08  Probe  
  19  1:20  Probe  
  19  1:23  Gateway  
  20  1:30  Cybernetics Core  
  20  1:32  Probe  
  20  1:35  Assimilator  
  21  1:45  Probe  
  22  1:57  Probe  
  23  2:03  Stalker  
  23  2:06  Stalker  
  22  2:15  Warp Gate  
  26  2:23  Probe  
  26  2:25  Pylon  
  27  2:30  Stalker  
  29  2:39  Stalker  
  31  2:57  Probe  
  32  3:09  Nexus  
  32  3:18  Probe  
  32  3:21  Pylon  
  32  3:22  Stalker  
  32  3:26  Probe  
  36  3:49  Probe  
  36  3:54  Robotics Facility  
  37  3:56  Twilight Council  
  37  4:01  Pylon  
  38  4:02  Probe  
  38  4:06  Gateway  
  38  4:07  Gateway  
  38  4:15  Probe  
  39  4:19  Probe  
  40  4:27  Probe x2  
  41  4:34  Stalker x2  
  41  4:36  Probe  
  46  4:39  Probe  
  46  4:42  Warp Prism  
  48  4:51  Dark Shrine, Probe  
  49  4:57  Probe  
  52  5:03  Probe  
  51  5:09  Probe  
  52  5:15  Probe  
  52  5:20  Shield Battery  
  53  5:21  Probe  
  53  5:23  Assimilator  
  53  5:26  Assimilator  
  53  5:27  Probe  
  55  5:33  Probe  
  55  5:34  Forge  
  56  5:38  Pylon  
  56  5:39  Probe  
  57  5:45  Charge  
  57  5:46  Observer, Probe  
  59  5:51  Probe  
  60  5:58  Probe  
  60  6:03  Probe  
  62  6:05  Dark Templar x2  
  62  6:07  Dark Templar  
  62  6:10  Probe  
  69  6:16  Probe  
  70  6:25  Nexus  
  70  6:28  Pylon  
  70  6:30  Pylon  
  70  6:31  Dark Templar  
  66  6:52  Protoss Ground Armor Level 1, Probe  
  65  6:56  Templar Archives  
  65  7:01  Gateway x2  
  65  7:03  Zealot x3  
  65  7:04  Zealot  
  65  7:05  Pylon  
  65  7:07  Pylon  
  73  7:09  Gateway  
  73  7:15  Immortal  
  77  7:23  Probe x2  
  77  7:26  Psionic Storm, Sentry  
  77  7:29  Sentry  
  81  7:34  Dark Templar  
  81  7:40  Zealot, High Templar  
  81  7:41  Zealot  
  87  7:45  Probe x3  
  90  7:57  Probe x2  
  90  7:58  Probe  
  91  8:02  High Templar  
  91  8:04  High Templar  
  91  8:05  Zealot x3  
  101  8:06  Probe  
  101  8:09  Probe  
  101  8:10  Probe  
  101  8:11  Immortal  
  104  8:14  Photon Cannon, Probe  
  105  8:21  Probe  
  105  8:22  Probe  
  105  8:23  Probe  
  105  8:26  Pylon  
  112  8:29  Forge  
  112  8:38  High Templar  
  112  8:40  Stalker  
  116  8:42  Stalker x2  
  116  8:44  Stalker  
  116  8:46  Zealot  
  116  8:47  Zealot  
  126  8:51  Probe  
  126  8:54  Shield Battery  
  127  8:56  Assimilator  
  127  9:01  Assimilator  
  127  9:09  Photon Cannon  
  127  9:11  Shield Battery  
  127  9:13  Probe  
  127  9:14  Probe  
  129  9:18  Zealot  
  129  9:19  Zealot  
  133  9:26  Pylon x2  
  133  9:42  Zealot  
  133  9:43  Zealot  
  110  10:11  Archon  
  110  10:13  Zealot x4  
  114  10:14  Zealot x2  
  114  10:16  Archon  
  114  10:18  High Templar  
  114  10:19  Probe x2  
Show
View Real Time Build Order
Export as new Build Order

Mez Terran 

Build Orders: Reaper Expand 

Get SALT Encoding   

  12  0:00  SCV  
  13  0:13  SCV  
  14  0:18  Supply Depot  
  14  0:25  SCV  
  15  0:39  SCV  
  15  0:41  Barracks  
  16  0:44  Refinery  
  16  0:51  SCV  
  17  1:03  SCV  
  18  1:16  SCV  
  19  1:29  Orbital Command, Reaper  
  20  1:40  Command Center  
  20  1:57  Supply Depot, SCV  
  21  2:02  Bunker, Marine  
  22  2:09  SCV  
  23  2:21  SCV  
  23  2:22  Barracks Reactor  
  24  2:35  Bunker  
  24  2:41  Command Center  
  23  2:55  Factory  
  23  2:56  SCV  
  24  3:05  Marine x2  
  25  3:20  SCV  
  25  3:24  Refinery  
  26  3:29  Marine x2  
  28  3:42  Factory Tech Lab  
  28  3:44  Starport  
  28  3:47  Marine  
  29  3:50  Orbital Command  
  29  3:51  SCV  
  29  3:54  Marine  
  31  3:58  Orbital Command  
  31  4:05  SCV  
  31  4:09  Siege Tank  
  35  4:16  Marine x2  
  37  4:23  Starport Tech Lab  
  37  4:29  SCV  
  37  4:30  SCV  
  39  4:35  Barracks  
  39  4:39  Barracks  
  39  4:43  Orbital Command  
  39  4:49  Raven  
  41  4:54  Marine x2  
  42  5:06  SCV  
  43  5:07  SCV  
  43  5:08  Siege Tank  
  46  5:15  Marine x2  
  46  5:19  SCV x2  
  46  5:20  SCV  
  51  5:25  Refinery  
  51  5:31  SCV x2  
  51  5:32  SCV  
  51  5:33  Marine x2  
  51  5:34  Engineering Bay  
  56  5:37  Engineering Bay  
  56  5:43  Starport Reactor  
  56  5:51  SCV x3  
  56  5:52  Barracks  
  56  5:53  Barracks  
  56  5:54  Factory Reactor  
  56  5:56  Stimpack  
  59  5:58  Refinery  
  59  5:59  Marine x2  
  61  6:08  Supply Depot  
  61  6:09  Supply Depot  
  61  6:19  Combat Shield  
  61  6:22  Marine  
  61  6:24  Marine  
  61  6:26  SCV  
  61  6:28  SCV  
  61  6:30  SCV  
  62  6:34  Missile Turret  
  62  6:35  Terran Infantry Armor Level 1, Terran Infantry Weapons Level 1  
  62  6:38  SCV  
  63  6:40  SCV  
  63  6:42  SCV  
  63  6:44  Missile Turret  
  62  6:50  SCV  
  62  6:52  SCV  
  56  6:54  SCV  
  56  6:57  Barracks Reactor  
  56  6:58  Barracks Tech Lab, Marine x2  
  56  6:59  Marauder x2  
  63  7:02  SCV  
  64  7:08  SCV  
  64  7:09  SCV  
  64  7:14  SCV  
  67  7:19  Marine x4  
  67  7:21  SCV x2  
  67  7:22  Concussive Shells  
  73  7:26  SCV  
  74  7:33  SCV  
  74  7:34  Marauder  
  77  7:39  Ghost Academy  
  77  7:51  Supply Depot, Medivac x2  
  81  7:53  Supply Depot  
  81  7:59  Marine x3  
  81  8:02  Widow Mine x2  
  88  8:06  Orbital Command  
  88  8:09  SCV x2  
  90  8:15  Armory  
  90  8:18  Supply Depot  
  90  8:20  Supply Depot  
  90  8:24  Supply Depot  
  90  8:29  SCV x2  
  90  8:33  SCV  
  93  8:38  Refinery  
  94  8:41  Missile Turret, SCV x2  
  95  8:52  Missile Turret  
  95  8:53  SCV  
  95  8:54  SCV x2  
  98  8:57  Ghost  
  100  9:08  Ghost x2  
  104  9:17  SCV x3  
  107  9:28  Marine  
  107  9:29  Marine x4  
  89  9:54  Marauder x2, Marine x3  
  89  9:55  Marauder, Marine  
  74  10:15  Marine x2  
  74  10:16  Marauder x3  
Tags
 
Add a new tag
Caveats
  • Supply blocks, unpowered buildings, or Contaminate may cause inaccurate times.
  • Supply counts are checked every 10 seconds.